 Dungeon Crawl Stone Soup version 0.28-a0-21-gf74fda84f9 (webtiles) character file.

Game seed: 18066002038450882824

231 dolemite99 the Chiller (level 5, -10/33 (35) HPs)
             Began as a Demonspawn Ice Elementalist on July 27, 2021.
             Was a Believer of Fedhas.
             Mangled by a wight (13 damage)
             ... on level 4 of the Dungeon.
             The game lasted 00:07:21 (5697 turns).

dolemite99 the Chiller (DsIE)                       Turns: 5697, Time: 00:07:21

HP:   -10/33 (35)   AC:  2    Str: 10      XL:     5   Next: 72%
MP:   5/8           EV: 12    Int: 16 (17) God:    Fedhas [**....]
Gold: 172           SH:  0    Dex: 20      Spells: 3/8 levels left

rFire   . . .      SeeInvis .   a - +3 dagger (elec)
rCold   . . .      Faith    .   (no shield)
rNeg    . . .      Spirit   .   s - +0 robe
rPois   .          Reflect  .   (helmet restricted)
rElec   .          Harm     .   (no cloak)
rCorr   .          Rampage  .   (no gloves)
Will    +....                   (no boots)
Stlth   +++.......              (no amulet)
HPRegen 0.11/turn               h - +6 ring of dexterity
MPRegen 0.11/turn               l - ring of willpower

@: freezing walls, drained
A: antennae 1, demonic guardian 2, camouflage 1, deterioration 1, strong 1,
evolution 1
a: Renounce Religion, Wall of Briars


You were on level 4 of the Dungeon.
You worshipped Fedhas.
Fedhas was pleased with you.
You visited 1 branch of the dungeon, and saw 4 of its levels.

You collected 172 gold pieces.

Inventory:

Hand Weapons
 a - a +3 dagger of electrocution (weapon)
 k - a +0 whip
 n - a +0 rapier
Missiles
 b - 55 sling bullets
 e - 7 boomerangs (quivered)
 w - 4 datura-tipped darts
 x - 2 throwing nets
 y - 30 stones
Armour
 s - a +0 robe (worn)
Magical Staves
 d - a staff of conjuration
 q - a staff of earth
Jewellery
 h - a +6 ring of dexterity (left hand)
 l - a ring of willpower (right hand)
 t - an amulet of regeneration
 A - a ring of protection from cold
Scrolls
 c - a scroll of enchant armour {unknown}
 g - a scroll of amnesia {unknown}
 o - a scroll of magic mapping {unknown}
 v - a scroll of enchant weapon {unknown}
 z - a scroll of summoning {unknown}
Potions
 f - a potion of degeneration {unknown}
 i - 3 potions of curing
 j - a potion of flight
 m - a potion of might {unknown}
 p - a potion of heal wounds
 r - a potion of haste {unknown}
 u - a potion of cancellation {unknown}


   Skills:
 - Level 1.5 Short Blades
 - Level 1.7 Dodging
 - Level 1.7 Stealth
 - Level 2.0 Spellcasting
 - Level 1.9 Conjurations
 + Level 5.8 Ice Magic


You had 3 spell levels left.
You knew the following spells:

 Your Spells              Type           Power      Damage    Failure   Level
a - Freeze                Ice            80%        1d9       1%          1
b - Magic Dart            Conj           28%        1d4       10%         1
c - Frozen Ramparts       Ice            40%        1d6       6%          3

Your spell library contained the following spells:

 Spells                   Type           Power      Damage    Failure   Level
 Ozocubu's Armour         Ice            20%        N/A       6%          3
 Summon Small Mammal      Summ           4%         N/A       21%         1
 Call Imp                 Summ           1%         N/A       30%         2
 Mephitic Cloud           Conj/Pois/Air  3%         N/A       43%         3
 Call Canine Familiar     Summ           1%         N/A       52%         3
 Gell's Gravitas          Tloc           0%         N/A       52%         3
 Summon Guardian Golem    Hex/Summ       1%         N/A       52%         3
 Teleport Other           Tloc           1%         N/A       52%         3
 Hailstorm                Conj/Ice       14%        3d5       38%         4
 Dispersal                Tloc           0%         N/A       100%        6


Dungeon Overview and Level Annotations

Branches:
Dungeon (4/15)
 Temple: D:4-7

Altars:
Fedhas

Shops:
D:4 *

Annotations:
D:3 Terence


Innate Abilities, Weirdness & Mutations

You have a pair of small antennae on your head.
A demonic guardian rushes to your aid.
Your skin changes colour to match your surroundings (Stealth+).
Your body sometimes deteriorates upon taking damage.
Your muscles are strong. (Str +2)
You evolve.


Message History

The wight barely misses you.
You hit the wight but do no damage.
The wight resists.
The wall freezes the wight.
You hit the wight but do no damage. Lightning courses through the wight!
You destroy the wight!
Fedhas accepts your kill.
The wight completely resists.
The wall freezes the wight but does no damage.
A wight comes into view. It is wielding a +0 dagger.
Throw: 7 boomerangs
Press: ? - help, Q - select action, (/) - cycle Shift-Dir - straight line, f - wight
Aim: a wight, wielding a +5 halberd and wearing a +0 robe (62% to hit)
You throw a boomerang. The boomerang barely misses the wight.
The boomerang completely misses the wight.
The wight completely resists.
The wall freezes the wight but does no damage.
The wight hits you from afar with a +5 halberd!
A demonic guardian appears!
Throw: 7 boomerangs
Press: ? - help, Q - select action, (/) - cycle Shift-Dir - straight line, f/p - wight
Aim: a wight, wielding a +5 halberd and wearing a +0 robe (ally target, 62% to hit)
You throw a boomerang.
The boomerang hits the wight but does no damage.
The wight completely resists.
The wall freezes the wight but does no damage.
The wight hits you from afar with a +5 halberd!
You feel drained.
A wight comes into view. It is wielding a +0 falchion.
Your orange demon closely misses the wight.
The wight resists.
The wall freezes the wight.
The wight hits you from afar with a +5 halberd!
* * * LOW HITPOINT WARNING * * *
Your body deteriorates!
You feel dopey.
Your frozen ramparts will break if you move.
Continue?
Your orange demon stings the wight from afar!
The wight completely resists.
The wall freezes the wight but does no damage.
The wight hits you from afar with a +5 halberd!
You die...
Fedhas appreciates your contribution to the ecosystem.

#∩.. #...
###############∩.⌠
#.......#.....#...
#.......#.....#∩..
#.......#.....##..
#..4....#.........
#)......#.........
#@.z.z.z..........
#########.........
#.........
#.........
##.##z####
#.........
#..#<...... #
#....... #.......


You could see 3 wights and a friendly orange demon (summoned).

Vanquished Creatures
  A phantom (D:3)
  A wight (D:4)
  A gnoll (D:2)
  4 adders
  A dart slug (D:1)
  7 orcs
  A bat (D:1)
  4 endoplasms
  2 giant cockroaches (D:1)
  A goblin (D:2)
  2 hobgoblins
  6 jackals
  5 quokkas
  5 ball pythons
  A frilled lizard (D:3)
  A kobold (D:4)
  3 rats
46 creatures vanquished.

Vanquished Creatures (collateral kills)
  4 gnolls (D:3)
  An orc (D:3)
  A jackal (D:2)
6 creatures vanquished.

Grand Total: 52 creatures vanquished

Notes
Turn   | Place    | Note
-------+----------+-------------------------------------------
     0 | D:1      | dolemite99 the Demonspawn Ice Elementalist began the quest
                  | for the Orb.
     0 | D:1      | Reached XP level 1. HP: 13/13 MP: 3/3
   360 | D:1      | Found a faded altar of an unknown god.
   371 | D:1      | Became a worshipper of Fedhas Madash
   371 | D:1      | Reached * piety under Fedhas
   407 | D:1      | Reached skill level 4 in Ice Magic
   418 | D:1      | Gained mutation: A weak demonic guardian rushes to your
                  | aid. [demonic ancestry]
   418 | D:1      | Reached XP level 2. HP: 8/19 MP: 0/5
  1073 | D:1      | Learned a level 1 spell: Magic Dart
  1884 | D:2      | Reached skill level 1 in Conjurations
  1908 | D:2      | Gained mutation: Your skin changes colour to match your
                  | surroundings (Stealth+). [potion of mutation]
  1908 | D:2      | Gained mutation: Your muscles are strong. (Str +2) [potion
                  | of mutation]
  1908 | D:2      | Gained mutation: Your body sometimes deteriorates upon
                  | taking damage. [potion of mutation]
  1908 | D:2      | Gained mutation: You evolve. [potion of mutation]
  2551 | D:2      | Reached XP level 3. HP: 23/24 MP: 2/6
  3673 | D:3      | Reached skill level 1 in Short Blades
  3918 | D:2      | Reached ** piety under Fedhas
  4076 | D:2      | Learned a level 3 spell: Frozen Ramparts
  4146 | D:3      | Gained mutation: You have a pair of small antennae on your
                  | head. [demonic ancestry]
  4146 | D:3      | Reached XP level 4. HP: 30/30 MP: 5/7
  4181 | D:3      | Noticed Terence
  4239 | D:3      | Noticed a phantom
  4254 | D:3      | Killed a phantom
  4255 | D:3      | Reached skill level 5 in Ice Magic
  4255 | D:3      | Gained mutation: A demonic guardian rushes to your aid.
                  | [demonic ancestry]
  4255 | D:3      | Reached XP level 5. HP: 25/35 MP: 8/8
  5324 | D:4      | Found Dauguem's CLEARANCE SALE! EVERYTHING MUST GO!.
  5697 | D:4      | Mangled by a wight

Illustrated notes

Levels and vault maps discovered:
D:1:      minmay_arrival_split_and_join, layout_basic,
          shapermc_ecumenical_altar_starsandcircs
D:2:      layout_loops_corners, dk_vineyard_3, cheibrodos_gnoll_hut
D:3:      layout_rooms, kennysheep_generic_room_13, uniq_terence
D:4:      layout_rooms, nicolae_shop_clearance

Skill      XL: |  1  2  3  4 |
---------------+-------------+-----
Ice Magic      | 4 5 |  5.8
Conjurations   | 1 |  1.9
Short Blades   | 1 |  1.5
Dodging        | |  1.7
Stealth        | |  1.7
Spellcasting   | |  2.0

Action                   |  1- 3 |  4- 6 || total
-------------------------+-------+-------++-------
Melee: Unarmed           |     2 |       ||     2
       Staff             |     6 |       ||     6
       Dagger            |     9 |    23 ||    32
Throw: Dart              |       |     4 ||     4
       Boomerang         |       |    19 ||    19
 Cast: Freeze            |    56 |     4 ||    60
       Magic Dart        |     3 |       ||     3
       Frozen Ramparts   |       |     1 ||     1
  Use: Potion            |     2 |     1 ||     3
       Scroll            |     1 |     3 ||     4
 Stab: Sleeping          |       |     1 ||     1
Armor: Robe              |    10 |       ||    10
Dodge: Dodged            |    54 |    11 ||    65

Table legend: (Time is in decaauts)
 A = Elapsed time spent in this place.
 B = Non-inter-level travel time spent in this place.
 C = Inter-level travel time spent in this place.
 D = Time resting spent in this place.
 E = Time spent auto-exploring this place.
 F = Levels seen in this place.
 G = Mean time per level.
                   A        B        C        D        E       F      G
               +--------+--------+--------+--------+--------+-----+--------+
         Total |   5702 |   5499 |    203 |   2504 |   2391 |   4 | 1425.5 |
       Dungeon |   5702 |   5499 |    203 |   2504 |   2391 |   4 | 1425.5 |
               +--------+--------+--------+--------+--------+-----+--------+

Top non-repeatable levels by time:
     D:2: 2315 daAuts
     D:1: 1584 daAuts
     D:3: 1444 daAuts
     D:4: 358 daAuts
